 Dungeon Crawl Stone Soup version 0.18.1-48-g4cf74bf (webtiles) character file.

8075 4thArraOfDagon the Arsonist (level 11, -1/61 HPs)
             Began as an Octopode Conjurer on June 26, 2016.
             Was a High Priest of Vehumet.
             Slain by an orc
             ... wielding a +0 war axe
              (6 damage)
             ... while paralysed by an orc
             ... on level 9 of the Dungeon.
             The game lasted 00:47:11 (8112 turns).

4thArraOfDagon the Arsonist (Octopode Conjurer)     Turns: 8112, Time: 00:47:11

Health: -1/61      AC:  5    Str:  8    XL:     11   Next: 25%
Magic:  14/32      EV:  2    Int: 21    God:    Vehumet [*****.]
Gold:   541        SH:  0    Dex: 12    Spells: 6 memorised, 8 levels left

rFire  + . .     SeeInvis .     y - +0 rapier (speed)
rCold  . . .     Gourm    .     (no shield)
rNeg   . . .     Faith    .     (helmet restricted)
rPois  .         Spirit   .     C - amulet of magic regeneration
rElec  .         Dismiss  .     x - ring of protection from fire
rCorr  .         Reflect  .     A - ring of magical power
SustAt .         Harm     .     D - +4 ring of protection
MR     .....                    (no ring)
Stlth  +++.......               (no ring)
                                (no ring)
                                (no ring)
                                (no ring)

@: paralysed, not resistant to hostile enchantments, fairly stealthy
A: almost no armour, amphibious, 8 rings, constrict 8, camouflage 1, gelatinous
body 1
a: Renounce Religion


You were on level 9 of the Dungeon.
You worshipped Vehumet.
Vehumet was extremely pleased with you.
You were not hungry.

You visited 2 branches of the dungeon, and saw 11 of its levels.
You also visited: Sewer.

You collected 541 gold pieces.

Inventory:

Hand Weapons
 c - a +0 dagger
 g - a +0 blowgun
 y - a +0 rapier of speed (weapon)
Missiles
 l - 57 poisoned needles
 G - 2 throwing nets (quivered)
Jewellery
 x - a ring of protection from fire (left tentacle)
 A - a ring of magical power (right tentacle)
 C - an amulet of magic regeneration (around mantle)
 D - a +4 ring of protection (on tentacle)
Wands
 d - a wand of flame (3/48)
 h - a wand of iceblast (0/15)
 q - a wand of random effects (31/48)
Scrolls
 f - 6 scrolls of remove curse
 n - a scroll of blinking {unknown}
 o - a scroll of fear
 p - 2 scrolls of immolation
 t - 2 scrolls of amnesia
 v - 2 scrolls of enchant armour {unknown}
 w - a scroll of fog
 z - 3 scrolls of teleportation {unknown}
Potions
 e - 7 potions of curing
 i - 6 potions of flight
 j - 2 potions of brilliance
 k - 2 potions of heal wounds
 m - a potion of agility
 r - 2 potions of magic {unknown}
 s - 2 potions of ambrosia
 u - a potion of cancellation
 B - a potion of mutation {unknown}
 E - 2 potions of degeneration {unknown}
Books
 a - a book of Conjurations

   Spells                             Type                      Level
   a - Magic Dart                     Conjuration                  1
   b - Searing Ray                    Conjuration                  2
   c - Dazzling Spray                 Conjuration/Hexes            3
   d - Fulminant Prism                Conjuration/Hexes            4
   e - Iskenderun's Mystic Blast      Conjuration                  4
   f - Iskenderun's Battlesphere      Conjuration/Charms           5
 H - a book of Envenomations

   Spells                             Type                      Level
   a - Spider Form                    Transmutation/Poison         3
   b - Olgreb's Toxic Radiance        Poison                       4
   c - Alistair's Intoxication        Transmutation/Poison         5
   d - Poisonous Cloud                Conjuration/Poison/Air       6
Comestibles
 b - 6 bread rations


   Skills:
 - Level 2.0 Dodging
 - Level 2.6 Stealth
 + Level 8.5 Spellcasting
 * Level 10.2 Conjurations
 * Level 11.0 Fire Magic


You had 8 spell levels left.
You knew the following spells:

 Your Spells              Type           Power        Failure   Level  Hunger
a - Magic Dart            Conj           ####         1%          1    None
b - Iskenderun's Mystic   Conj           ######..     1%          4    ###....
c - Flame Tongue          Conj/Fire      #####        1%          1    None
d - Iskenderun's Battles  Conj/Chrm      ####....     8%          5    #####..
e - Sticky Flame          Conj/Fire      ######..     1%          4    ###....
f - Fulminant Prism       Conj/Hex       ####......   3%          4    ###....


Dungeon Overview and Level Annotations

Branches:
Dungeon (10/15)            Temple (1/1) D:5
   Lair: D:8-11         Orc: D:9-12

Altars:
Ashenzari
Cheibriados
Dithmenos
Elyvilon
Fedhas
Gozag
Kikubaaqudgha
Makhleb
Nemelex Xobeh
Okawaru
Pakellas
Qazlal
Sif Muna
Trog
Vehumet
Xom
Yredelemnul
Zin
The Shining One


Innate Abilities, Weirdness & Mutations

You cannot wear most types of armour.
You are amphibious.
You can wear up to eight rings at the same time.
You can use your tentacles to constrict eight enemies at once.
Your skin changes colour to match your surroundings (Stealth).
Your rubbery body absorbs attacks (AC +1).


Message History

The orb of energy hits the orc priest.
The orc priest is moderately wounded.
The orc priest shouts!
The orc shouts! x2
The orc priest miscasts a cantrip.
The orc zaps a wand.
You suddenly lose the ability to move!
It is a wand of paralysis.
An iguana and an orc warrior come into view.
The iguana hisses angrily.
The orc zaps a wand.
You easily resist.
The orc priest mumbles some strange prayers to Beogh against you.
Pain shoots through your body!
The orc zaps a wand.
You shrug off the repeated paralysis!
The orc hits you with a whip. The orc hits you with a war axe.
* * * LOW HITPOINT WARNING * * *
The orc hits you with a falchion!
* * * LOW HITPOINT WARNING * * *
The orc hits you with a whip.
* * * LOW HITPOINT WARNING * * *
The orc hits you with a war axe.
You die...

#### .#. ## ..# #.# # #.
#.# #.###.#####. ##.##
#.....##.o..
##.l.####..#####.##.
#..))....o........#.
#....####......#..#.
#.#o## ##.###.#..#. #)#@#
#.# #†#..#.
.......ooo######.###.#..#.
..o.o..)..........s.......
.........#.......######...
.............##### ##..
##.......#...# ##.
#.......#.### ##
#.......#<# #......Y#


You could see an orc warrior (wandering), an iguana, an orc priest and 4 orcs.

Vanquished Creatures
  Erolcha (D:8)
  A hydra (D:8)
  A two-headed ogre (D:8)
  4 yaks
  A wyvern (D:8)
  Eustachio (D:6)
  2 water moccasins
  An orc warrior (D:6)
  4 ice beasts
  A black bear (D:8)
  A necrophage (D:9)
  A phantom (D:9)
  5 ogres
  3 centaurs
  10 big kobolds
  8 giant frogs
  2 wyvern skeletons (D:6)
  6 scorpions
  6 killer bees
  5 wights (D:7)
  An electric eel (D:7)
  A howler monkey (D:5)
  4 jellies
  6 crimson imps
  3 giant frog zombies
  A wasp zombie (D:6)
  2 centaur zombies (D:6)
  An iron imp (D:7)
  2 orc priests (D:9)
  4 hounds
  4 giant frog skeletons
  7 orc wizards
  2 centaur skeletons
  Terence (D:2)
  Jessica (D:3)
  Ijyb (D:3)
  Natasha (thrice) (D:2)
  5 worker ants
  3 worker ant zombies (D:6)
  A howler monkey zombie (D:7)
  Robin (D:3)
  10 adders
  7 gnolls
  A howler monkey skeleton (D:4)
  2 river rats (Sewer)
  2 shadow imps
  4 oozes
  An adder zombie (D:6)
  An adder skeleton (D:6)
  A worm (D:3)
  2 dart slugs
  6 giant geckos
  32 orcs
  8 bats
  2 giant cockroaches
  11 hobgoblins
  12 jackals
  4 quokkas
  4 ball pythons
  A giant gecko skeleton (D:5)
  6 giant newts
  11 goblins
  A goblin skeleton (D:7)
  2 goblin zombies (D:7)
  A hobgoblin zombie (D:7)
  A jackal skeleton (D:4)
  66 kobolds
  2 kobold skeletons (D:7)
  2 orc zombies (D:7)
  A quokka skeleton (D:6)
  A quokka zombie (D:7)
  18 rats
  A fulminant prism (D:9)
342 creatures vanquished.

Vanquished Creatures (others)
  4 fulminant prisms (D:9)
4 creatures vanquished.

Grand Total: 346 creatures vanquished

Notes
Turn   | Place    | Note
--------------------------------------------------------------
     0 | D:1      | 4thArraOfDagon the Octopode Conjurer began the quest for the Orb.
     0 | D:1      | Reached XP level 1. HP: 11/11 MP: 3/3
   178 | D:1      | Reached XP level 2. HP: 17/17 MP: 0/5
   538 | D:1      | Reached XP level 3. HP: 20/21 MP: 3/6
   931 | D:2      | Found a white marble altar of Elyvilon.
   999 | D:3      | Found a stormy altar of Qazlal.
  1025 | D:3      | Noticed Ijyb
  1042 | D:3      | Killed Ijyb
  1042 | D:3      | Reached skill level 5 in Conjurations
  1042 | D:3      | Reached XP level 4. HP: 9/27 MP: 0/8
  1102 | D:3      | Learned a level 4 spell: Iskenderun's Mystic Blast
  1190 | D:4      | Found a glowing drain.
  1198 | Sewer    | Entered a sewer
  1554 | Sewer    | Reached XP level 5. HP: 25/31 MP: 4/9
  1751 | D:4      | Found an oddly glowing altar of Pakellas.
  1770 | D:4      | Found a snail-covered altar of Cheibriados.
  1803 | D:3      | Noticed Robin
  1998 | D:5      | Entered Level 5 of the Dungeon
  1998 | D:5      | Noticed a centaur
  1998 | D:5      | Noticed an ice beast
  2013 | D:5      | Noticed an ice beast
  2118 | D:4      | Found a bloodstained altar of Trog.
  2161 | D:4      | Reached XP level 6. HP: 34/36 MP: 1/10
  2540 | D:5      | Found a staircase to the Ecumenical Temple.
  2551 | Temple   | Entered the Ecumenical Temple
  2585 | Temple   | Became a worshipper of Vehumet
  2590 | Temple   | Reached XP level 7. HP: 41/41 MP: 3/12
  2624 | D:5      | Found a burning altar of Makhleb.
  2827 | D:3      | Killed Robin
  2932 | D:3      | Noticed Jessica
  2932 | D:3      | Killed Jessica
  2949 | D:2      | Reached * piety under Vehumet
  2949 | D:2      | Offered knowledge of Sandblast by Vehumet.
  3146 | D:2      | Noticed Natasha
  3165 | D:2      | Noticed Terence
  3196 | D:2      | Killed Natasha
  3205 | D:2      | Killed Terence
  3235 | D:2      | Noticed Natasha
  3304 | D:2      | Found a blossoming altar of Fedhas.
  3359 | D:2      | Killed Natasha
  3493 | D:2      | Noticed Natasha
  3494 | D:2      | Killed Natasha
  3932 | D:3      | Found a sparkling altar of Nemelex Xobeh.
  3956 | D:3      | Reached XP level 8. HP: 46/46 MP: 2/15
  3977 | D:3      | Offered knowledge of Flame Tongue by Vehumet.
  3981 | D:3      | Learned a level 1 spell: Flame Tongue
  4170 | D:4      | Learned a level 5 spell: Iskenderun's Battlesphere
  4202 | D:4      | Reached ** piety under Vehumet
  4243 | D:4      | Reached skill level 1 in Fire Magic
  4267 | D:4      | Reached skill level 2 in Fire Magic
  4279 | D:4      | Reached skill level 5 in Spellcasting
  4383 | D:4      | Reached skill level 3 in Fire Magic
  4433 | D:4      | magipi: no battlesphere yet?
  4473 | D:4      | 4thArraOfDagon: not castable yet
  4473 | D:4      | 4thArraOfDagon: hi
  4473 | D:4      | magipi: tx
  4661 | D:4      | Reached skill level 4 in Fire Magic
  4663 | D:4      | jacquesderrida: >>>>>>>>>>>>>>>>>>>>>>squidity squid
  4670 | D:4      | jacquesderrida: Now we're talking!!!
  4685 | D:4      | jacquesderrida: eyyyyyy lmeo
  4693 | D:4      | Offered knowledge of Inner Flame by Vehumet.
  4786 | D:4      | Reached skill level 5 in Fire Magic
  4850 | D:4      | Reached *** piety under Vehumet
  4957 | D:5      | Reached XP level 9. HP: 51/51 MP: 14/18
  5057 | D:6      | futacatgirl: yo
  5093 | D:6      | jacquesderrida: gad...
  5100 | D:5      | jacquesderrida: plohoi
  5162 | D:5      | magipi: an octopode is bad enough when you are not speedrunning, this is just too scary :D
  5188 | D:5      | jacquesderrida: : D
  5188 | D:5      | Reached skill level 6 in Fire Magic
  5223 | D:5      | futacatgirl: op best race
  5257 | D:5      | hypermopl: agreed
  5261 | D:5      | incide: nu
  5278 | D:5      | incide: og best race
  5305 | D:5      | futacatgirl: get out from my swamp
  5305 | D:5      | incide: og stronk
  5317 | D:5      | jacquesderrida: >>>>>>>>>>>>>>>>>>>>>>>>>>>>that racism
  5338 | D:5      | incide: og have layers
  5338 | D:5      | jacquesderrida: >>>>>>>>>>>>>>>>>>>>>>>>>>>>>>>>>>>2047
  5352 | D:5      | jacquesderrida: eyyyyyyyyyyyyyyyyyyyy lmeo
  5364 | D:5      | Found a white marble altar of Elyvilon.
  5365 | D:5      | futacatgirl: cockism
  5505 | D:6      | incide: > you swing at nothing
  5524 | D:6      | Noticed Eustachio
  5532 | D:6      | incide: shake shake shake
  5535 | D:6      | incide: shake shake shake
  5542 | D:6      | incide: shake dat booty
  5544 | D:6      | jacquesderrida: spikespikespikes
  5547 | D:6      | futacatgirl: or rather tentacles
  5549 | D:6      | Reached skill level 7 in Fire Magic
  5563 | D:6      | futacatgirl: ;P
  5576 | D:5      | incide: :8
  5624 | D:5      | jacquesderrida: https://www.youtube.com/watch?v=bvNLFpwAdBc
  5629 | D:6      | jacquesderrida: ty che leeeeee ty che
  5630 | D:6      | magipi: um, are you trining fire magic???
  5693 | D:6      | jacquesderrida: YES!
  5701 | D:6      | Offered knowledge of Sticky Flame by Vehumet.
  5708 | D:6      | Learned a level 4 spell: Sticky Flame
  5714 | D:6      | hypermopl: lol
  5767 | D:6      | magipi: when battlesphere is not yet out of the red zone? pretty insane
  5785 | D:6      | jacquesderrida: What!
  5809 | D:5      | jacquesderrida: Yes!
  5915 | D:6      | Found a shattered altar of Ashenzari.
  5946 | D:5      | incide: https://www.youtube.com/watch?v=OogwEq5I9as
  5993 | D:5      | incide: mfw when battlesphere
  6032 | D:5      | jacquesderrida: Nah!
  6040 | D:5      | futacatgirl: mfw i have no face
  6114 | D:6      | Reached skill level 8 in Fire Magic
  6115 | D:6      | jacquesderrida: https://www.youtube.com/watch?v=bvNLFpwAdBc
  6156 | D:6      | jacquesderrida: otsidi, incooder
  6190 | D:6      | jacquesderrida: Otsidi, footer
  6269 | D:6      | Killed Eustachio
  6393 | D:6      | futacatgirl: rapier of speed ayy
  6429 | D:7      | jacquesderrida: polny srok otsidi
  6432 | D:7      | jacquesderrida: ejjjjj
  6468 | D:7      | Found a glowing golden altar of the Shining One.
  6533 | D:7      | Reached **** piety under Vehumet
  6533 | D:7      | Reached XP level 10. HP: 45/56 MP: 21/21
  6687 | D:7      | Found an opulent altar of Gozag.
  6717 | D:7      | Reached skill level 9 in Fire Magic
  6762 | D:7      | jacquesderrida: ma gic
  6775 | D:7      | hypermopl: that's some nice jewellery set...
  6778 | D:7      | jacquesderrida: ri gen
  6786 | D:7      | futacatgirl: maydjick
  6790 | D:7      | jacquesderrida: Thanks
  6795 | D:7      | hypermopl: omg
  6815 | D:7      | hypermopl: ac + rf + 9mp + mpregen
  6824 | D:7      | hypermopl: d:7...
  6869 | D:7      | jacquesderrida: ac + rf + 9mp + mp regen
  6881 | D:7      | jacquesderrida: Z:5
  6893 | D:7      | jacquesderrida: Ejjjjjjjjjjjjjjjjjj
  6898 | D:7      | hypermopl: :D
  6904 | D:7      | Offered knowledge of Ignite Poison by Vehumet.
  6954 | D:7      | jacquesderrida: Brave arse-o-nist
  7066 | D:8      | Noticed Erolcha
  7086 | D:8      | Killed Erolcha
  7089 | D:8      | incide: @??erolcha
  7091 | D:8      | beem: Erolcha (O)
                  | Spd:
    10 | HD: 6    | HP: 44-61
                  | AC/EV: 5/7
                  | Dam: 20
                  | weapons, items, doors, spellcaster, see invisible
                  | Res: magic(60)
                  | XP: 996
                  | Sp: b.venom (3d11), mystic blast (3d12), invisibility, confuse, slow / crystal spear (3d23), blink, b.fire (3d14), b.cold (3d14) / magic dart (3d4), paralyse, haste, b.lightning (3d14), confuse / paralyse, throw flame (3d6), invisibility, fireball
  7157 | D:8      | magipi: nice
  7356 | D:8      | Reached skill level 10 in Fire Magic
  7380 | D:8      | Found a sparkling altar of Nemelex Xobeh.
  7406 | D:8      | Noticed a cyclops
  7491 | D:8      | Noticed a seven-headed hydra
  7494 | D:8      | jacquesderrida: oiiiii
  7500 | D:8      | Killed a seven-headed hydra
  7519 | D:8      | jacquesderrida: hyder'd
  7519 | D:8      | incide: 7-headed pidra
  7526 | D:8      | jacquesderrida: ejjjjjj incooder
  7530 | D:8      | jacquesderrida: Инцестер...
  7536 | D:8      | Reached ***** piety under Vehumet
  7544 | D:8      | jacquesderrida: Starver
  7570 | D:8      | Offered knowledge of Irradiate by Vehumet.
  7610 | D:8      | incide: > irradiate
  7644 | D:9      | incide: party like it's '86
  7650 | D:8      | Reached XP level 11. HP: 45/61 MP: 23/23
  7663 | D:8      | jacquesderrida: ty che
  7703 | D:9      | jacquesderrida: ejjj
  7834 | D:10     | Entered Level 10 of the Dungeon
  7878 | D:9      | Reached skill level 10 in Conjurations
  7892 | D:9      | Found an iron altar of Okawaru.
  7990 | D:9      | Learned a level 4 spell: Fulminant Prism
  8029 | D:9      | magipi: wow
  8064 | D:9      | Reached skill level 11 in Fire Magic
  8107 | D:9      | Paralysed by an orc for 6 turns
  8112 | D:9      | Slain by an orc

Skill      XL: |  1  2  3  4  5  6  7  8  9 10 11 |
---------------+----------------------------------+-----
Conjurations   | 5 6 7 8 9 10 | 10.2
Spellcasting   | 3 4 6 7 8 |  8.5
Fire Magic     | 5 8 10 11 | 11.0
Dodging        | |  2.0
Stealth        | |  2.6

Action                   |  1- 3 |  4- 6 |  7- 9 | 10-12 || total
-------------------------+-------+-------+-------+-------++-------
Melee: Dagger            |    36 |    64 |   201 |       ||   301
       Constrict         |     6 |    21 |    58 |    23 ||   108
       Tentacles         |     5 |    13 |    33 |    17 ||    68
       Rapier            |       |       |    28 |    85 ||   113
 Fire: Blowgun           |       |       |    32 |       ||    32
 Cast: Magic Dart        |    39 |    75 |   115 |    29 ||   258
       Iskenderun's Myst |       |    11 |    92 |    65 ||   168
       Iskenderun's Batt |       |       |     6 |    10 ||    16
       Sticky Flame      |       |       |     5 |    22 ||    27
       Fulminant Prism   |       |       |       |     5 ||     5
Evoke: Wand              |       |     8 |    12 |       ||    20
  Use: Scroll            |       |     8 |     5 |     1 ||    14
       Potion            |       |     2 |     5 |     1 ||     8
 Stab: Sleeping          |     6 |       |     9 |     2 ||    17
       Distracted        |       |       |       |     1 ||     1
  Eat: Chunk             |     1 |     8 |    12 |     7 ||    28
       Fruit             |       |       |     7 |       ||     7
       Bread ration      |       |       |     2 |     1 ||     3
       Beef jerky        |       |       |     2 |     1 ||     3
       Royal jelly       |       |       |       |     1 ||     1
       Pizza             |       |       |       |     1 ||     1
Armor: Skin              |     1 |     4 |    27 |    19 ||    51
Dodge: Dodged            |    15 |    52 |   214 |    64 ||   345
